Map: Lightshade LE

Players

HeroMarine - Winner!

  • Race: Terran Terran

SKillous

  • Race: Protoss Protoss

Event: DreamHack SC2 Masters 2021 Winter

VOD

Have the link to the VOD?

Description

Time

  • Played on: Oct. 14, 2021, 2:28 p.m.
  • Length: 7:07

All games in this series

Show
View Real Time Build Order
Export as new Build Order

HeroMarine Terran - Winner!

Build Orders: Reaper Expand 

Get SALT Encoding   

  12  0:00  SCV  
  13  0:12  SCV  
  14  0:17  Supply Depot  
  14  0:24  SCV  
  15  0:38  SCV  
  15  0:40  Barracks  
  16  0:43  Refinery  
  16  0:50  SCV  
  17  1:03  SCV  
  18  1:15  SCV  
  19  1:27  Reaper, Orbital Command  
  20  1:39  Command Center  
  20  1:49  Supply Depot  
  20  1:53  SCV  
  21  1:59  Marine  
  22  2:05  Factory  
  22  2:08  SCV  
  22  2:15  Bunker  
  23  2:20  Barracks Reactor, SCV  
  24  2:26  Refinery  
  24  2:33  SCV  
  25  2:45  SCV  
  26  2:51  Orbital Command  
  26  2:52  Hellion  
  26  2:54  Starport  
  26  2:57  SCV  
  29  2:59  Marine  
  29  3:00  Marine  
  31  3:09  SCV  
  32  3:14  Widow Mine  
  32  3:17  Marine  
  32  3:18  SCV, Marine  
  37  3:21  SCV  
  37  3:26  Supply Depot  
  38  3:30  SCV  
  38  3:33  SCV, Medivac  
  42  3:35  Marine  
  42  3:36  Marine  
  42  3:38  Widow Mine  
  46  3:48  SCV x2  
  48  3:51  Supply Depot  
  48  3:53  Marine  
  49  3:59  Barracks  
  49  4:00  SCV x2  
  51  4:06  Starport Tech Lab  
  50  4:12  SCV x2, Marine x2  
  54  4:19  Factory Tech Lab  
  54  4:20  Engineering Bay, Barracks  
  54  4:24  SCV x2  
  54  4:25  Raven  
  54  4:28  Refinery  
  58  4:31  Supply Depot  
  58  4:32  Marine  
  58  4:35  Marine  
  58  4:36  SCV x2  
  62  4:46  Terran Infantry Weapons Level 1  
  62  4:51  Supply Depot  
  62  4:53  SCV x2  
  62  4:54  Marine x2  
  64  5:00  Marauder, Stimpack  
  64  5:05  SCV x2, Factory Reactor  
  66  5:09  Refinery  
  66  5:13  Supply Depot, Marine x2  
  66  5:16  Combat Shield  
  66  5:17  SCV x2  
  66  5:18  Marauder, Starport Reactor  
  70  5:22  Marauder  
  70  5:23  Supply Depot  
  72  5:31  Marine x2  
  74  5:39  Marauder  
  74  5:41  Supply Depot  
  76  5:43  Marauder  
  76  5:49  Widow Mine x2, Marine x2  
  84  5:52  Supply Depot  
  84  5:54  Medivac x2  
  84  5:55  SCV  
  84  5:56  SCV  
  88  6:01  Marauder  
  89  6:05  Marauder  
  89  6:07  Marine x2  
  89  6:08  SCV x2  
  95  6:14  Widow Mine x2  
  99  6:20  Command Center  
  99  6:25  Marauder  
  101  6:26  Marauder  
  101  6:29  Marine x2  
  101  6:30  Medivac  
  101  6:31  Medivac  
  108  6:40  SCV  
  109  6:53  Supply Depot  
Show
View Real Time Build Order
Export as new Build Order

SKillous Protoss 

Build Orders: 1 Gate Expand, Blink Stalkers 

Get SALT Encoding   

  12  0:00  Probe  
  13  0:12  Probe  
  14  0:17  Pylon  
  14  0:24  Probe (Chrono Boost)  
  15  0:36  Gateway, Probe (Chrono Boost)  
  16  0:44  Probe (Chrono Boost)  
  16  0:45  Assimilator  
  17  0:50  Probe  
  18  1:03  Probe  
  19  1:15  Probe  
  20  1:23  Cybernetics Core  
  20  1:36  Nexus  
  20  1:39  Pylon  
  20  1:42  Probe  
  21  1:47  Assimilator  
  21  1:54  Probe  
  21  1:56  Adept (Chrono Boost)  
  24  2:02  Warp Gate  
  24  2:06  Probe  
  25  2:16  Adept (Chrono Boost)  
  25  2:18  Probe  
  28  2:27  Twilight Council  
  28  2:30  Probe  
  29  2:39  Stalker  
  31  2:48  Probe (Chrono Boost)  
  33  2:53  Probe (Chrono Boost)  
  33  2:57  Probe (Chrono Boost)  
  34  2:59  Blink (Chrono Boost)  
  34  3:01  Probe (Chrono Boost)  
  34  3:02  Probe (Chrono Boost)  
  36  3:12  Probe  
  37  3:14  Probe  
  37  3:16  Gateway  
  38  3:24  Probe  
  38  3:26  Robotics Facility, Probe  
  40  3:36  Probe  
  40  3:38  Probe  
  42  3:46  Nexus  
  42  3:49  Probe  
  42  3:53  Probe  
  43  3:56  Pylon  
  43  3:59  Stalker  
  43  4:02  Probe  
  46  4:06  Pylon  
  46  4:08  Probe (Chrono Boost)  
  46  4:14  Probe (Chrono Boost)  
  46  4:15  Observer, Pylon  
  48  4:18  Stalker  
  51  4:24  Stalker  
  51  4:25  Probe (Chrono Boost)  
  51  4:26  Probe (Chrono Boost)  
  51  4:29  Assimilator  
  54  4:33  Probe  
  54  4:36  Observer  
  57  4:38  Probe  
  57  4:41  Stalker  
  59  4:45  Probe  
  59  4:50  Probe, Charge  
  61  4:54  Forge  
  62  5:00  Probe (Chrono Boost)  
  62  5:03  Probe (Chrono Boost)  
  62  5:10  Probe (Chrono Boost)  
  62  5:11  Observer  
  65  5:14  Probe (Chrono Boost)  
  65  5:16  Probe (Chrono Boost)  
  65  5:18  Probe (Chrono Boost)  
  66  5:23  Probe (Chrono Boost)  
  66  5:25  Gateway, Probe (Chrono Boost)  
  66  5:26  Gateway, Probe (Chrono Boost)  
  66  5:27  Gateway  
  68  5:30  Probe (Chrono Boost)  
  68  5:35  Observer  
  72  5:37  Probe (Chrono Boost)  
  72  5:40  Probe x2 (Chrono Boost)  
  73  5:44  Probe (Chrono Boost)  
  73  5:46  Probe  
  73  5:47  Gateway  
  73  5:48  Gateway  
  75  5:51  Pylon  
  75  5:52  Probe  
  75  5:56  Gateway, Probe  
  77  5:58  Probe  
  77  6:01  Immortal (Chrono Boost)  
  82  6:05  Observer  
  82  6:07  Assimilator  
  82  6:09  Pylon, Shield Battery  
  82  6:17  Observer, Pylon, Templar Archives  
  82  6:18  Shield Battery  
  82  6:22  Pylon  
  82  6:28  Pylon  
  81  6:34  Zealot x5  
  91  6:46  Zealot x2, Shield Battery  
  94  6:47  Pylon  
  94  6:51  Zealot  
  100  6:58  Zealot x3  

Tags
 
Add a new tag
Caveats
  • Supply blocks, unpowered buildings, or Contaminate may cause inaccurate times.
  • Supply counts are checked every 10 seconds.